 Dungeon Crawl Stone Soup version 0.19.1 (console) character file.

12451 as2 the Basher (level 11, -2/83 HPs)
             Began as a Demonspawn Artificer on Nov 28, 2016.
             Was an Elder of Yredelemnul.
             Slain by a hill giant
             ... wielding a +0 giant club
              (29 damage)
             ... on level 13 of the Dungeon on Nov 29, 2016.
             The game lasted 01:18:30 (13042 turns).

as2 the Basher (Demonspawn Artificer)              Turns: 13042, Time: 01:18:31

Health: -2/83      AC: 12    Str: 15    XL:     11   Next: 62%
Magic:  0/14       EV: 15    Int: 14    God:    Yredelemnul [****..]
Gold:   542        SH:  0    Dex: 13    Spells: 0 memorised, 10 levels left

rFire  + . .     SeeInvis +     y - +0 great mace (venom)
rCold  . . .     Gourm    .     t - +0 mottled dragon scales
rNeg   . . .     Faith    .     (shield currently unavailable)
rPois  +         Spirit   +     (helmet restricted)
rElec  .         Reflect  .     (no cloak)
rCorr  .         Harm     .     F - +0 pair of gloves
MR     +....                    (no boots)
Stlth  +++.......               V - amulet of rage
                                n - ring of Immorality {rPois rF+ MR+ SInv}
                                L - ring of stealth

@: no status effects
A: horns 1, slimy green scales 3, nightstalker 1, magic shield
a: Recall Undead Slaves, Injury Mirror, Animate Dead, Drain Life, Renounce
Religion, Evoke Berserk Rage


You were on level 13 of the Dungeon.
You worshipped Yredelemnul.
Yredelemnul was greatly pleased with you.
You were not hungry.

You visited 2 branches of the dungeon, and saw 14 of its levels.
You also visited: Ossuary.

You collected 872 gold pieces.
You spent 330 gold pieces at shops.

Inventory:

Hand Weapons
 w - a +2 dire flail of protection
 y - a +0 great mace of venom (weapon)
Missiles
 g - 8 tomahawks (quivered)
 p - 3 needles of paralysis
 r - 13 poisoned needles
 Q - 11 needles of confusion
Armour
 b - the cursed +0 cloak of Compassion {*Contam Int+4 Dex+2}
   (You found it on level 13 of the Dungeon)

   It affects your intelligence (+4).
   It affects your dexterity (+2).
   It causes magical contamination when unequipped.
   It has a curse placed upon it.
 t - +0 mottled dragon scales (worn)
 F - a +0 pair of gloves (worn)
 M - a +0 plate armour
 U - the +0 scale mail of Joveolim {Str+4}
   (You found it on level 8 of the Dungeon)

   It affects your strength (+4).
Jewellery
 n - the ring of Immorality (right hand) {rPois rF+ MR+ SInv}
   (You found it on level 9 of the Dungeon)

   [ring of see invisible]

   It protects you from fire.
   It protects you from poison.
   It affects your resistance to hostile enchantments.
   It lets you see invisible.
 H - an uncursed ring of positive energy
 L - a ring of stealth (left hand)
 T - a +2 ring of intelligence
 V - an amulet of rage (around neck)
 Z - the ring "Zug Ogy" {rF- rN+ MR+ Int+3}
   (You found it on level 8 of the Dungeon)

   [ring of protection from magic]

   It affects your intelligence (+3).
   It makes you vulnerable to fire.
   It protects you from negative energy.
   It affects your resistance to hostile enchantments.
Wands
 c - a wand of flame (12/48)
 d - a wand of enslavement (23/24)
 e - a wand of random effects (12/48)
 A - a wand of flame (13/48)
 W - a wand of confusion (24/48)
 Y - a wand of polymorph (9/24)
Scrolls
 a - a scroll of teleportation
 h - 2 scrolls of enchant armour
 i - 6 scrolls of fear
 j - a scroll of fog
 l - 5 scrolls of remove curse
 o - 2 scrolls of immolation
 q - 6 scrolls of identify
 s - 3 scrolls of enchant weapon
 D - a scroll of magic mapping
 O - a scroll of amnesia
 S - 2 scrolls of random uselessness {unknown}
Potions
 k - 2 potions of agility {unknown}
 m - 6 potions of lignification
 u - 2 potions of might {unknown}
 x - 3 potions of ambrosia
 z - 2 potions of mutation {unknown}
 B - 4 potions of flight
 C - 4 potions of curing
 E - 3 potions of heal wounds
 G - 3 potions of invisibility
 I - a potion of haste {unknown}
 J - a potion of cancellation {unknown}
 N - 3 potions of degeneration {unknown}
 P - a potion of cure mutation {unknown}
Books
 X - a book of Cantrips

   Spells                             Type                      Level
   a - Confusing Touch                Hexes                        1
   b - Animate Skeleton               Necromancy                   1
   c - Summon Small Mammal            Summoning                    1
   d - Apportation                    Translocation                1
Comestibles
 f - 7 bread rations
 v - 2 chunks of flesh
 K - 5 meat rations
 R - 3 fruits


   Skills:
 + Level 6.8 Fighting
   Level 0.8 Short Blades
 * Level 12.2 Maces & Flails
 - Level 5.0 Armour
 + Level 7.1 Dodging
 - Level 0.8 Stealth
 + Level 5.3 Invocations
 - Level 4.6 Evocations


You had 10 spell levels left.
You didn't know any spells.

Dungeon Overview and Level Annotations

Branches:
Dungeon (13/15)            Temple (1/1) D:6            Lair (0/6) D:10
    Orc (0/2) D:10
 Vaults: D:13-14

Altars:
Ashenzari
Cheibriados
Dithmenos
Elyvilon
Fedhas
Gozag
Hepliaklqana
Makhleb
Nemelex Xobeh
Okawaru
Qazlal
Trog
Uskayaw
Vehumet
Xom
Yredelemnul
The Shining One
Lugonu

Shops:
D:7 (!   D:11 (

Annotations:
D:6 Philosophy's ghost, novice HOFi; Sigmund
D:11 Fannar


Innate Abilities, Weirdness & Mutations

You have a pair of small horns on your head.
You are completely covered in slimy green scales. (AC +4, rPois)
You are slightly more attuned to the shadows.
When hurt, damage is shared between your health and your magic reserves.


Message History

The hill giant shouts!
A crimson imp comes into view.
The crimson imp moves out of view.
You hit the hill giant but do no damage.
The hill giant hits you with a giant club!!
You barely miss the hill giant.
The hill giant is moderately wounded.
The hill giant barely misses you.
You hit the hill giant.
The hill giant is moderately wounded.
The hill giant completely misses you.
You sock the hill giant!
The hill giant is poisoned.
You headbutt the hill giant.
The hill giant is severely wounded.
The hill giant hits you with a giant club!!
You hit the hill giant.
The hill giant is almost dead.
The hill giant hits you with a giant club!!
You die...
Your body rises from the dead as a mindless zombie.

#C# #.# #.# ##.#
##+ ##..# #.. #..##
##.# ##.########
###... #.CM......#
#.....
#.@.......####.#...
#.........##...#...
#............###...
#.........#### #...
########### #...
####


You could see a hill giant and a friendly mummy.

Vanquished Creatures
  The ghost of Philosophy the Cleaver, a journeyman MiFi of Okawaru (D:11)
  Nergalle (D:10)
  3 unseen horrors
  3 hill giants
  A deep elf mage (D:12)
  A troll (D:12)
  2 slime creatures (D:12)
  3 hippogriffs
  Grinder (D:7)
  A shadow (D:8)
  A basilisk (D:12)
  A warg (D:10)
  Menkaure (Ossuary)
  A mottled dragon (D:8)
  A soldier ant (D:11)
  3 black bears
  3 orc warriors
  An ice beast (D:10)
  4 sky beasts
  3 ogres
  6 centaurs
  A wolf (D:8)
  A crocodile (D:8)
  An elf zombie (Ossuary)
  A wyvern zombie (D:7)
  3 bullfrogs
  A big kobold (D:8)
  2 gnoll sergeants
  8 scorpions
  A water moccasin skeleton (D:7)
  3 killer bees
  5 wights
  A howler monkey (D:4)
  5 crimson imps
  2 bullfrog zombies
  5 centaur zombies
  2 lava snakes (D:12)
  4 hounds
  4 jellies
  4 orc priests
  2 bullfrog skeletons
  6 orc wizards
  3 iguanas
  6 worker ants
  A big kobold zombie (Ossuary)
  An ogre zombie (Ossuary)
  6 mummies (Ossuary)
  9 adders
  11 gnolls
  2 shadow imps
  3 adder zombies
  2 worms
  5 leopard geckos
  39 orcs
  A ball python (D:4)
  8 bats
  10 giant cockroaches
  3 goblins
  8 hobgoblins
  8 jackals
  5 kobolds
  5 quokkas
  A ball python skeleton (D:4)
  4 frilled lizards
  5 goblin zombies (Ossuary)
  4 hobgoblin zombies (Ossuary)
  6 kobold zombies (Ossuary)
  A leopard gecko skeleton (D:5)
  A quokka skeleton (D:5)
  5 quokka zombies (Ossuary)
  7 rats
  A rat zombie (Ossuary)
275 creatures vanquished.

Vanquished Creatures (collateral kills)
  A slime creature (D:12)
  Psyche (D:11)
  A molten gargoyle (D:12)
  A komodo dragon (D:10)
  A hippogriff (D:10)
  An ogre (D:10)
  2 scorpions
  7 killer bees
  2 wights (D:12)
  A centaur zombie (D:11)
  A jelly (D:10)
  An orc priest (D:10)
  A shadow imp (D:11)
  4 orcs
  A plant (D:10)
26 creatures vanquished.

Vanquished Creatures (others)
  A hill giant zombie (D:12)
  A hippogriff zombie (D:10)
  A basilisk zombie (D:12)
  A centaur skeleton (D:10)
  A killer bee zombie (D:11)
  An ogre skeleton (D:10)
  A scorpion zombie (D:11)
  3 gnoll zombies
  An orc skeleton (D:10)
  5 orc zombies (D:10)
16 creatures vanquished.

Grand Total: 317 creatures vanquished

Notes
Turn   | Place    | Note
-------+----------+-------------------------------------------
     0 | D:1      | as2 the Demonspawn Artificer began the quest for the Orb.
     0 | D:1      | Reached XP level 1. HP: 15/15 MP: 3/3
   332 | D:1      | Gained mutation: You are partially covered in slimy green scales. (AC +2) [demonic ancestry]
   332 | D:1      | Reached XP level 2. HP: 16/21 MP: 4/4
  1016 | D:2      | Gained mutation: You are slightly more attuned to the shadows. [demonic ancestry]
  1016 | D:2      | Reached XP level 3. HP: 27/27 MP: 5/5
  1096 | D:2      | Found a radiant altar of Vehumet.
  1746 | D:3      | Gained mutation: When hurt, damage is shared between your health and your magic reserves. [demonic ancestry]
  1746 | D:3      | Reached XP level 4. HP: 17/34 MP: 6/6
  2884 | D:4      | Reached XP level 5. HP: 25/41 MP: 4/7
  3361 | D:2      | Reached skill level 1 in Armour
  3700 | D:4      | Found a radiant altar of Vehumet.
  3876 | D:3      | Noticed a centaur
  3890 | D:3      | Killed a centaur
  3890 | D:3      | Reached XP level 6. HP: 26/48 MP: 5/9
  3999 | D:4      | Reached skill level 1 in Maces & Flails
  4276 | D:5      | Entered Level 5 of the Dungeon
  4684 | D:5      | Found a blossoming altar of Fedhas.
  4698 | D:5      | Found a basalt altar of Yredelemnul.
  5087 | D:5      | Reached skill level 2 in Maces & Flails
  5137 | D:4      | Noticed a hippogriff
  5163 | D:4      | Gained mutation: You are mostly covered in slimy green scales. (AC +3) [demonic ancestry]
  5163 | D:4      | Reached XP level 7. HP: 35/54 MP: 10/10
  5383 | D:6      | Noticed Philosophy's ghost (novice HOFi)
  5811 | D:6      | Noticed Grinder
  5926 | D:7      | Reached skill level 3 in Maces & Flails
  6546 | D:7      | Reached skill level 4 in Maces & Flails
  6685 | D:6      | Noticed Sigmund
  6729 | D:7      | Reached XP level 8. HP: 53/60 MP: 8/11
  7034 | D:7      | Paralysed by Grinder for 7 turns
  7053 | D:7      | Killed Grinder
  7053 | D:7      | Reached skill level 5 in Maces & Flails
  7142 | D:6      | Found a staircase to the Ecumenical Temple.
  7151 | Temple   | Entered the Ecumenical Temple
  7195 | D:5      | Became a worshipper of Yredelemnul the Dark
  7366 | D:6      | Reached skill level 6 in Maces & Flails
  7366 | D:6      | Reached skill level 5 in Armour
  7397 | D:6      | Found a sparkling altar of Nemelex Xobeh.
  7554 | D:7      | Found Cogh's Distillery.
  7559 | D:7      | Found Urycviw's Antique Weapon Boutique.
  7591 | D:7      | Bought a glowing dire flail for 270 gold pieces
  7596 | D:7      | Bought a potion of heal wounds for 60 gold pieces
  7662 | D:7      | Reached skill level 7 in Maces & Flails
  7798 | D:7      | Gained mutation: You are completely covered in slimy green scales. (AC +4, rPois) [demonic ancestry]
  7798 | D:7      | Reached XP level 9. HP: 56/65 MP: 9/12
  8138 | D:8      | Reached skill level 8 in Maces & Flails
  8212 | D:8      | Reached skill level 1 in Invocations
  8320 | D:8      | Got a transparent scale mail
  8324 | D:8      | Identified the +0 scale mail of Joveolim {Str+4} (You found it on level 8 of the Dungeon)
  8619 | D:8      | Found a stormy altar of Qazlal.
  8699 | D:8      | Found a sand-covered staircase.
  8718 | Ossuary  | Entered an ossuary
  8749 | Ossuary  | Reached * piety under Yredelemnul
  8815 | Ossuary  | Reached skill level 9 in Maces & Flails
  9050 | Ossuary  | Noticed Menkaure
  9080 | Ossuary  | Killed Menkaure
  9272 | D:8      | Reached ** piety under Yredelemnul
  9758 | D:8      | Found a hazy altar of Hepliaklqana.
  9789 | D:8      | Got a vibrating turquoise ring
  9796 | D:8      | Identified the ring "Zug Ogy" {rF- rN+ MR+ Int+3} (You found it on level 8 of the Dungeon)
 10044 | D:9      | Reached skill level 10 in Maces & Flails
 10044 | D:9      | Reached XP level 10. HP: 51/71 MP: 10/13
 10078 | D:9      | Got a sparkling jade ring
 10079 | D:9      | Identified the ring of Immorality {rPois rF+ MR+ SInv} (You found it on level 9 of the Dungeon)
 10139 | D:9      | You fall through a shaft!
 10139 | D:10     | Entered Level 10 of the Dungeon
 10172 | D:10     | Got a faintly glowing mace
 10174 | D:10     | Identified the +6 mace of Dung {holy, *Rage rElec Int+3 Dex+4} (You found it on level 10 of the Dungeon)
 10278 | D:10     | Found a staircase to the Orcish Mines.
 10376 | D:9      | Reached skill level 5 in Dodging
 10480 | D:9      | Found a shattered altar of Ashenzari.
 10566 | D:9      | Found an iron altar of Okawaru.
 10595 | D:9      | Found a shimmering altar of Xom.
 10596 | D:9      | Found a burning altar of Makhleb.
 10664 | D:9      | You fall through a shaft for 2 floors!
 10711 | D:11     | Noticed Nergalle
 10787 | D:11     | Reached *** piety under Yredelemnul
 11174 | D:10     | Noticed an unseen horror
 11196 | D:10     | Killed an unseen horror
 11196 | D:10     | Reached skill level 5 in Fighting
 11196 | D:10     | Reached skill level 11 in Maces & Flails
 11233 | D:10     | Found a staircase to the Lair.
 11560 | D:10     | Killed Nergalle
 11668 | D:11     | Noticed a hill giant
 11775 | D:11     | Noticed Fannar
 11796 | D:11     | Noticed Psyche
 11912 | D:11     | Found Gyaruad's Antique Weapon Boutique.
 11954 | D:11     | Killed Psyche
 11988 | D:11     | Killed a hill giant
 11988 | D:11     | Gained mutation: You have a pair of small horns on your head. [demonic ancestry]
 11988 | D:11     | Reached XP level 11. HP: 67/81 MP: 10/14
 12017 | D:11     | Noticed Philosophy's ghost (journeyman MiFi)
 12040 | D:11     | Killed Philosophy's ghost
 12162 | D:12     | Noticed a hill giant
 12176 | D:12     | Killed a hill giant
 12176 | D:12     | Reached **** piety under Yredelemnul
 12179 | D:12     | Noticed an unseen horror
 12207 | D:12     | Killed an unseen horror
 12262 | D:12     | Noticed a hill giant
 12368 | D:12     | Killed a hill giant
 12443 | D:12     | Received a gift from Yredelemnul (a mummy)
 12472 | D:12     | Noticed an unseen horror
 12480 | D:12     | Killed an unseen horror
 12480 | D:12     | Reached skill level 12 in Maces & Flails
 12622 | D:12     | Identified a scroll of acquirement
 12683 | D:12     | Noticed a deep elf mage
 12693 | D:12     | Killed a deep elf mage
 12730 | D:12     | Reached skill level 5 in Invocations
 13022 | D:13     | Got a translucent cloak
 13023 | D:13     | Identified the cursed +0 cloak of Compassion {*Contam Int+4 Dex+2} (You found it on level 13 of the Dungeon)
 13027 | D:13     | Noticed a hill giant
 13042 | D:13     | Slain by a hill giant

Skill      XL: |  1  2  3  4  5  6  7  8  9 10 11 |
---------------+----------------------------------+-----
Dodging        | 2 3 4 6 7 |  7.1
Fighting       | 2 3 4 5 6 |  6.8
Evocations     | 4 |  4.6
Armour         | 1 2 4 5 |  5.0
Maces & Flails | 2 4 7 10 11 12 | 12.2
Invocations    | 2 5 |  5.3
Short Blades   | |  0.8
Stealth        | |  0.8

Action                   |  1- 3 |  4- 6 |  7- 9 | 10-12 || total
-------------------------+-------+-------+-------+-------++-------
Melee: Short sword       |   163 |    67 |       |       ||   230
       Falchion          |       |    76 |       |       ||    76
       Flail             |       |   149 |   243 |       ||   392
       Dire flail        |       |       |   364 |   350 ||   714
       Great mace        |       |       |       |    36 ||    36
       Headbutt          |       |       |       |    21 ||    21
Throw: Tomahawk          |     7 |       |       |     1 ||     8
       Stone             |       |     1 |     2 |       ||     3
Invok: Animate Remains   |       |       |     1 |     8 ||     9
       Animate Dead      |       |       |       |    13 ||    13
       Recall Undead Sla |       |       |       |     8 ||     8
       Stop Recall       |       |       |       |     1 ||     1
 Abil: Evoke Berserk Rag |       |       |     2 |       ||     2
Evoke: Wand              |     1 |     4 |     1 |     2 ||     8
  Use: Scroll            |       |     3 |    11 |     8 ||    22
       Potion            |       |       |       |     1 ||     1
 Stab: Sleeping          |     2 |     1 |    22 |     9 ||    34
       Distracted        |       |       |     1 |     6 ||     7
  Eat: Chunk             |     3 |    11 |    12 |    15 ||    41
       Beef jerky        |       |       |     1 |     1 ||     2
       Meat ration       |       |       |     1 |       ||     1
Armor: Leather armour    |    66 |    12 |   153 |       ||   231
       Scale mail        |       |   121 |   100 |    22 ||   243
       Mottled dragon sc |       |       |       |   122 ||   122
Dodge: Dodged            |    93 |   168 |   303 |   225 ||   789
       Rpst.: Falchion   |       |    20 |       |       ||    20
